 Dungeon Sprint DCSS version 0.21-a0-278-ga722497 (webtiles) character file.

199 Kidiri the Martial Artist (level 5, 0/40 HPs)
             Began as a Draconian Transmuter on Sept 20, 2017.
             Was an Elder of Wu Jian.
             Slain by an ice beast (14 damage)
             ... in the Dungeon (Sprint VII: "The Pits").
             The game lasted 00:02:44 (368 turns).

Kidiri the Martial Artist (Draconian Transmuter)     Turns: 368, Time: 00:02:45

Health: 0/40       AC:  2    Str: 12    XL:     5   Next: 48%
Magic:  10/12      EV: 22    Int: 14    God:    Wu Jian [****..]
Gold:   0          SH:  0    Dex: 17    Spells: 1/14 levels left

rFire    . . .     SeeInvis .     - Unarmed
rCold    . . .     Gourm    .   (shield currently unavailable)
rNeg     . . .     Faith    .   (armour unavailable)
rPois    x         Spirit   .   (helmet currently unavailable)
rElec    .         Reflect  .   (cloak currently unavailable)
rCorr    .         Harm     .   (gloves currently unavailable)
MR       .....     NoTele   +   (boots currently unavailable)
Stlth    ++........             (no amulet)
HPRegen  0.13/turn              (no ring)
MPRegen  0.13/turn              (no ring)

@: spider-form (expiring)
A: unfitting armour, AC +5
a: End Transformation, Serpent's Lash, Renounce Religion


You were in the Dungeon.
You worshipped Wu Jian.
Wu Jian was greatly pleased with you.
You were not hungry.
You were a venomous arachnid creature.
You visited 1 branch

Inventory:

Missiles
 a - 12 arrows
Scrolls
 i - a scroll of blinking
 l - 3 scrolls of remove curse
 m - 5 scrolls of amnesia
 n - a scroll of summoning
Potions
 d - 6 potions of curing
 e - 6 potions of heal wounds
 f - a potion of haste
 g - 4 potions of magic
 h - 3 potions of berserk rage
 k - 2 potions of invisibility
Books
 b - a book of Changes

   Spells                             Type                      Level
   a - Beastly Appendage              Transmutation                1
   b - Sticks to Snakes               Transmutation                2
   c - Spider Form                    Transmutation/Poison         3
   d - Ice Form                       Ice/Transmutation            4
   e - Blade Hands                    Transmutation                5
Comestibles
 c - 8 bread rations
 j - 15 chunks of flesh
 o - 40 fruits
 p - 7 meat rations


   Skills:
 + Level 1.3 Fighting
 + Level 4.4 Dodging
 * Level 8.3 Unarmed Combat
 * Level 5.1 Spellcasting
 + Level 5.0 Transmutations


You had one spell level left.
You knew the following spells:

 Your Spells              Type           Power        Failure   Level  Hunger
a - Beastly Appendage     Tmut           ###...       9%          1    None
b - Spider Form           Tmut/Pois      ##........   38%         3    ###....
c - Ice Form              Ice/Tmut       ##......     73%         4    ####...
d - Blade Hands           Tmut           ###.......   73%         5    ######.


Dungeon Overview and Level Annotations

Branches:
Dungeon (1/1)

Altars:
Ashenzari
Cheibriados
Dithmenos
Elyvilon
Fedhas
Gozag
Hepliaklqana
Kikubaaqudgha
Makhleb
Nemelex Xobeh
Okawaru
Qazlal
Ru
Sif Muna
Trog
Uskayaw
Vehumet
Wu Jian
Xom
Yredelemnul
Zin
The Shining One
Beogh
Jiyva
Lugonu


Innate Abilities, Weirdness & Mutations

((Your plain brown scales are hard. (AC +5)))
You cannot fit into any form of body armour.
((You are cold-blooded and may be slowed by cold attacks.))


Message History

The ice beast is moderately wounded.
You attack the fire bat from above.
You bite the fire bat!
The fire bat looks as sick as possible!
The fire bat is moderately wounded.
You repeatedly attack the jackal from above.
You hit the jackal.
The jackal is poisoned.
The jackal is lightly wounded.
You bite the jackal!
You kill the jackal!
The Council accepts your kill.
You can now briefly move at supernatural speeds.
The jackal is distracted by your jump.
The jackal barks!
The fire bat misses you. The fire bat completely misses you.
The ice beast misses you.
You spin and attack the ice beast.
You barely miss the ice beast.
The ice beast is moderately wounded.
The fire bat bites you but does no damage.
The ice beast hits you. The ice beast freezes you!
You die...

#.#.....#))#####+##
#.###+###))##......
#.#...).#))##......
#.#..)))#[[##......
#.####+##+###...<..
#.#...)....##......
#.#........##......
#'###########......
#.s.....# #######
#.Y.ยง...#
#hYb#...# #..## ..#
#...# .# #..... #
#...... ########


You could see an ice beast, a sky beast, a fire bat and a jackal.

Vanquished Creatures
  A floating eye (D)
  A gnoll shaman (D)
  5 gnolls (D)
  An adder (D)
  An ooze (D)
  A leopard gecko (D)
  An orc (D)
  A hobgoblin (D)
  2 jackals (D)
  A kobold (D)
  A rat (D)
16 creatures vanquished.

Notes
Turn   | Place    | Note
-------+----------+-------------------------------------------
     0 | D        | Kidiri the Draconian Transmuter began the quest for the Orb.
     0 | D        | Reached XP level 1. HP: 16/16 MP: 3/3
    55 | D        | Found a bloodstained altar of Trog.
    55 | D        | Found a deep blue altar of Sif Muna.
    55 | D        | Found a viscous altar of Jiyva.
    55 | D        | Found a hazy altar of Hepliaklqana.
    55 | D        | Found an opulent altar of Gozag.
    56 | D        | Found a glowing golden altar of the Shining One.
    56 | D        | Found a glowing silver altar of Zin.
    56 | D        | Found a basalt altar of Yredelemnul.
    56 | D        | Found a shimmering altar of Xom.
    56 | D        | Found an ornate altar of the Wu Jian Council.
    56 | D        | Found a sacrificial altar of Ru.
    56 | D        | Found a stormy altar of Qazlal.
    56 | D        | Found an iron altar of Okawaru.
    56 | D        | Found a sparkling altar of Nemelex Xobeh.
    56 | D        | Found a burning altar of Makhleb.
    56 | D        | Found a blossoming altar of Fedhas.
    56 | D        | Found a white marble altar of Elyvilon.
    56 | D        | Found a shadowy altar of Dithmenos.
    56 | D        | Found a snail-covered altar of Cheibriados.
    58 | D        | Found a radiant altar of Vehumet.
    58 | D        | Found a corrupted altar of Lugonu.
    58 | D        | Found a roughly hewn altar of Beogh.
    59 | D        | Found a hide-covered altar of Uskayaw.
    59 | D        | Found an ancient bone altar of Kikubaaqudgha.
    59 | D        | Found a shattered altar of Ashenzari.
    65 | D        | Became a worshipper of the Wu Jian Council
    81 | D        | Noticed a floating eye
    84 | D        | Paralysed by a floating eye for 2 turns
    90 | D        | Killed a floating eye
    90 | D        | Reached skill level 7 in Unarmed Combat
    90 | D        | Reached XP level 2. HP: 23/23 MP: 2/7
    90 | D        | Reached XP level 3. HP: 28/28 MP: 2/8
    90 | D        | Reached XP level 4. HP: 35/35 MP: 2/10
   120 | D        | Learned a level 3 spell: Spider Form
   125 | D        | Learned a level 4 spell: Ice Form
   167 | D        | Reached * piety under Wu Jian
   253 | D        | Reached ** piety under Wu Jian
   261 | D        | Reached XP level 5. HP: 28/40 MP: 6/12
   261 | D        | Reached *** piety under Wu Jian
   261 | D        | Reached skill level 8 in Unarmed Combat
   264 | D        | Reached skill level 5 in Spellcasting
   295 | D        | Learned a level 5 spell: Blade Hands
   362 | D        | Noticed an ice beast
   362 | D        | Noticed a sky beast
   362 | D        | Noticed a fire bat
   365 | D        | Reached skill level 5 in Transmutations
   367 | D        | Reached **** piety under Wu Jian
   368 | D        | Slain by an ice beast

Vault maps used:
D:        pitsprint

Skill      XL: |  1  2  3  4  5 |
---------------+----------------+-----
Dodging        | 3 4 |  4.4
Unarmed Combat | 7 8 |  8.3
Spellcasting   | 4 5 |  5.1
Transmutations | 3 4 5 |  5.0
Fighting       | |  1.3

Action                   |  1- 3 |  4- 6 || total
-------------------------+-------+-------++-------
Melee: Unarmed           |     8 |    35 ||    43
       Headbutt          |     1 |       ||     1
       Punch             |       |     1 ||     1
 Cast: Beastly Appendage |     2 |     1 ||     3
       Spider Form       |       |     4 ||     4
Armor: Skin              |     2 |     4 ||     6
Dodge: Dodged            |     4 |    38 ||    42

Table legend:
 A = Spawn XP
 B = Non-spawn XP
 C = Spawn XP percentage of total XP
 D = Spawn monster count
 E = Non-spawn monster count
 F = Spawn count percentage of total count
 G = Total turns spent on level
                    A         B        C        D         E        F      G
               +---------+---------+-------+---------+---------+-------+---------
         Total |       0 |     285 |   0.0 |       0 |      16 |   0.0 |   368
               +---------+---------+-------+---------+---------+-------+---------
             D |       0 |     285 |   0.0 |       0 |      16 |   0.0 |   368
               +---------+---------+-------+---------+---------+-------+---------
